 Dungeon Crawl Stone Soup version 0.29-a0-369-gd956c00756 (webtiles) character file.

Game seed: 88296382952747145

1408 chopper the Cleaver (level 8, -7/105 HPs)
             Began as a Minotaur Fighter on May 2, 2022.
             Mangled by an ogre
             ... wielding a +0 giant club
              (16 damage)
             ... on level 6 of the Dungeon.
             The game lasted 00:36:02 (6281 turns).

chopper the Cleaver (Minotaur Fighter)              Turns: 6281, Time: 00:36:03

Health: -7/105     AC: 24    Str: 24    XL:     8   Next: 42%
Magic:  7/7        EV:  2    Int:  5    God:
Gold:   204        SH:  0    Dex: 15    Spells: 7/7 levels left

rFire   . . .      SeeInvis .   f - +2 battleaxe (freeze)
rCold   . . .      Faith    .   (shield currently unavailable)
rNeg    . . .      Spirit   .   (body armour currently unavailable)
rPois   +          Reflect  .   (helmet currently unavailable)
rElec   .          Harm     .   (cloak currently unavailable)
rCorr   .          Rampage  .   (gloves currently unavailable)
Will    .....      NoTele   +   (boots currently unavailable)
Stlth   ++........              (no amulet)
HPRegen 0.27/turn               H - +6 ring of dexterity
MPRegen 0.10/turn               (no ring)

@: tree-form, studying Dodging
A: stationary, stasis, torment immunity, boosted hp, (horns 2), (retaliatory
headbutt)
a: no special abilities


You were on level 6 of the Dungeon.
You were a tree.
You visited 2 branches of the dungeon, and saw 7 of its levels.
You also visited: Sewer.

You collected 204 gold pieces.

Inventory:

Hand Weapons
 a - a +0 war axe
 f - a +2 battleaxe of freezing (weapon)
 g - a +2 dagger of venom
 v - a +0 whip of distortion
 x - a +2 vampiric long sword
Missiles
 h - 3 boomerangs (quivered)
 u - 17 poisoned darts
 E - a throwing net
Armour
 b - a +0 scale mail
 c - a +0 buckler
 o - a +0 pair of gloves (melded)
 F - a +0 plate armour (melded)
Jewellery
 H - a +6 ring of dexterity (left branch)
Wands
 t - a wand of polymorph (8)
Scrolls
 e - 2 scrolls of identify {unknown}
 i - 2 scrolls of enchant weapon {unknown}
 j - 2 scrolls of noise {unknown}
 l - 3 scrolls of enchant armour {unknown}
 m - 4 scrolls of teleportation
 p - a scroll of immolation {unknown}
 q - 2 scrolls of fear {unknown}
 r - a scroll of fog {unknown}
 y - a scroll of brand weapon {unknown}
 G - a scroll of torment {unknown}
 I - a scroll of amnesia {unknown}
Potions
 d - a potion of invisibility {unknown}
 k - a potion of ambrosia {unknown}
 n - 4 potions of mutation {unknown}
 s - 4 potions of haste {unknown}
 w - 2 potions of curing
 z - 2 potions of heal wounds {unknown}
 A - 2 potions of might
 B - a potion of brilliance {unknown}
 C - a potion of attraction {unknown}


   Skills:
 + Level 6.0 Fighting
 + Level 2.3 Long Blades
 + Level 8.1 Axes
 + Level 0.4 Throwing
 + Level 7.2 Armour
 + Level 4.1 Dodging
 + Level 0.7 Stealth
 + Level 4.7 Shields
 + Level 0.6 Unarmed Combat


You had 7 spell levels left.
You didn't know any spells.
Your spell library contained the following spells:

 Spells                   Type           Power      Damage    Failure   Level
 Stone Arrow              Conj/Erth      0%         3d7       85%         3
 Animate Armour           Summ/Erth      0%         N/A       99%         4
 Lehudib's Crystal Spear  Conj/Erth      0%         10d2      100%        8


Dungeon Overview and Level Annotations

Branches:
Dungeon (6/15)             Temple (1/1) D:6           Sewer (visited)

Altars:
Ashenzari
Cheibriados
Elyvilon
Fedhas
Gozag
Hepliaklqana
Kikubaaqudgha
Makhleb
Nemelex Xobeh
Okawaru
Ru
Sif Muna
Vehumet
Wu Jian
Xom
Yredelemnul
Zin
The Shining One

Shops:
D:2 (   D:5 ?   D:6 (

Annotations:
D:3 2 runed translucent doors, ravioli's ghost, amateur OpEE
D:5 2 transporters, oldriver's ghost, amateur PaAK
D:6 2 transporters


Innate Abilities, Weirdness & Mutations

You are a tree.
Your roots penetrate the ground, keeping you stationary.
You cannot be teleported.
You are immune to unholy pain and torment.
Your maximum health is greatly increased.
Your equipment is partially melded.
((You have a pair of horns on your head.))
((You reflexively headbutt those who attack you in melee.))


Message History

Found a hand axe.
u - 17 poisoned darts (gained 4)
Things that are here:
a +0 dagger; a kobold corpse; an iguana corpse
Items here: ( ))) †.
Okay, then.
Things that are here:
a +0 whip; 5 stones; a +0 short sword
Items here: ( ))) †.
Things that are here:
a +0 dagger; a kobold corpse; an iguana corpse
Found 13 gold pieces.
A - 2 potions of might (gained 1)
You now have 188 gold pieces (gained 13).
Found 16 gold pieces.
You open the door.
You now have 204 gold pieces (gained 16).
Found 20 gold pieces.
An ogre comes into view. It is wielding a +0 giant club.
The ogre shouts!
The ogre hits you with a +0 giant club!!
You see here 20 gold pieces.
You barely miss the ogre.
The ogre hits you with a +0 giant club!!
You barely miss the ogre. The ogre closely misses you.
You hit the ogre. You freeze the ogre.
The ogre is lightly wounded.
The ogre hits you but does no damage.
You hit the ogre. You freeze the ogre.
The ogre is moderately wounded.
The ogre hits you with a +0 giant club!!
* * * LOW HITPOINT WARNING * * *
You turn into a tree.
Your +0 pair of gloves melds into your body.
Your +0 plate armour melds into your body.
Your roots penetrate the ground.
You slash the ogre! You freeze the ogre.
The ogre is almost dead.
The ogre hits you with a +0 giant club!
You die...

#......<............#..
#..<................##.
###################....
#.............#....
#.............#....
#.............#....
#.#####'####..#....
#.O..#.... #..#....
#.♣..#....##..#....
#....#....##..#....
#....#........#....
#....#........#....
+....#).......#....
#....+........#....
#....#........#....
#....#........#....
........#....


You could see an ogre.

Vanquished Creatures
  Sigmund (D:3)
  A water moccasin (Sewer)
  2 phantoms
  2 kobold brigands
  Blork the orc (D:5)
  A necrophage (D:6)
  A scorpion (D:5)
  A howler monkey (D:6)
  2 hounds
  A jelly (D:4)
  3 orc priests
  Natasha (thrice) (D:3)
  An iguana (D:6)
  4 orc wizards
  6 gnolls (D:5)
  10 adders
  A river rat (D:5)
  A shadow imp (D:5)
  A white imp (D:6)
  An ufetubus (D:2)
  14 orcs
  8 endoplasms
  6 goblins
  8 hobgoblins
  5 jackals
  18 kobolds
  2 quokkas
  6 ball pythons
  A bat (D:5)
  A frilled lizard (D:3)
  4 rats
117 creatures vanquished.

Vanquished Creatures (others)
  6 plants (D:5)
6 creatures vanquished.

Grand Total: 123 creatures vanquished

Notes
Turn   | Place    | Note
-------+----------+-------------------------------------------
     0 | D:1      | chopper the Minotaur Fighter began the quest for the Orb.
     0 | D:1      | Reached XP level 1. HP: 19/19 MP: 0/0
   451 | D:1      | Reached XP level 2. HP: 24/27 MP: 1/1
   723 | D:2      | Found Adabor's Weapon Shoppe.
  1037 | D:2      | Reached XP level 3. HP: 17/33 MP: 2/2
  1853 | D:3      | Noticed Natasha
  1859 | D:3      | Killed Natasha
  1860 | D:3      | Reached skill level 3 in Axes
  1860 | D:3      | Reached skill level 1 in Dodging
  1981 | D:3      | Found a large runed translucent door.
  1988 | D:3      | Reached XP level 4. HP: 37/40 MP: 3/3
  1995 | D:3      | Found a large runed translucent door.
  1996 | D:3      | Noticed ravioli's ghost (amateur OpEE)
  2059 | D:3      | Found a sacrificial altar of Ru.
  2181 | D:3      | Noticed Sigmund
  2191 | D:3      | Noticed Natasha
  2204 | D:3      | HP: 1/40 [Natasha (6)]
  2207 | D:3      | Killed Natasha
  2219 | D:3      | Killed Sigmund
  2220 | D:3      | Reached skill level 4 in Axes
  2220 | D:3      | Reached skill level 5 in Armour
  2220 | D:3      | Reached XP level 5. HP: 6/46 MP: 4/4
  2877 | D:3      | Found a sparkling altar of Nemelex Xobeh.
  2877 | D:3      | Found a snail-covered altar of Cheibriados.
  2887 | D:3      | Reached XP level 6. HP: 51/53 MP: 5/5
  2986 | D:3      | Noticed Natasha
  3008 | D:3      | Killed Natasha
  3316 | D:4      | Reached skill level 5 in Axes
  4396 | D:5      | Entered Level 5 of the Dungeon
  4396 | D:5      | Noticed Blork the orc
  4412 | D:5      | Reached skill level 1 in Long Blades
  4412 | D:5      | Reached XP level 7. HP: 23/60 MP: 6/6
  4421 | D:5      | Killed Blork the orc
  4705 | D:5      | Found a glowing drain.
  4726 | Sewer    | Entered a sewer
  4797 | Sewer    | Reached skill level 5 in Fighting
  5107 | D:5      | Reached skill level 6 in Axes
  5281 | D:5      | Found Yniwib's Magic Scroll Boutique.
  5329 | D:5      | Reached XP level 8. HP: 68/69 MP: 7/7
  5337 | D:5      | Reached skill level 7 in Axes
  5388 | D:5      | Found a transporter.
  5404 | D:5      | Noticed oldriver's ghost (amateur PaAK)
  5405 | D:5      | Identified the +0 buckler of Heecs {rC+ MP+9}
  5454 | D:5      | Found a transporter.
  5504 | D:5      | Found a basalt altar of Yredelemnul.
  5518 | D:5      | Found a hazy altar of Hepliaklqana.
  5689 | D:6      | Found an iron altar of Okawaru.
  5802 | D:6      | Found a staircase to the Ecumenical Temple.
  5813 | Temple   | Entered the Ecumenical Temple
  5898 | D:6      | Found a transporter.
  5919 | D:6      | Found a transporter.
  6045 | D:6      | Found Eral Gewni's Weapon Boutique.
  6235 | D:6      | Reached skill level 8 in Axes
  6281 | D:6      | Mangled by an ogre

Illustrated notes

Levels and vault maps discovered:
D:1:      dpeg_arrival_arbitrary_a, layout_basic, minmay_pentomino_p2
D:2:      layout_basic, serial_shops, nicolae_shop_bloodbath_and_beyond
D:3:      layout_basic, nicolae_ru_path_of_blood,
          gammafunk_temple_overflow_pools, ebering_ghost_disaster_area,
          uniq_natasha, uniq_sigmund
D:4:      layout_cave_pods, minmay_crossroads
D:5:      layout_cave_pools, amethyst_overflow_temple_binary, serial_shops,
          nicolae_take_the_stairs, cheibrodos_sewer_entry_sluice,
          gammafunk_ghost_gnarly_gnolls, uniq_blork_the_orc
D:6:      gammafunk_steamed_eel, layout_gridville, okawaru_gym_becter,
          minmay_temple_entry_junction, serial_shops, shop
Temple:   nicolae_temple_no_exploring_needed

Skill      XL: |  1  2  3  4  5  6  7  8 |
---------------+-------------------------+-----
Shields        | 4 |  4.7
Armour         | 4 5 6 7 |  7.2
Fighting       | 4 5 6 |  6.0
Axes           | 3 4 5 6 8 |  8.1
Dodging        | 1 2 3 4 |  4.1
Long Blades    | 1 2 |  2.3
Throwing       | |  0.4
Stealth        | |  0.7
Unarmed Combat | |  0.6

Action                   |  1- 3 |  4- 6 |  7- 9 || total
-------------------------+-------+-------+-------++-------
Melee: War axe           |    59 |    54 |    10 ||   123
       Headbutt          |     3 |    10 |    10 ||    23
       Long sword        |       |    42 |       ||    42
       Unarmed           |       |    11 |       ||    11
       Battleaxe         |       |       |    85 ||    85
Throw: Boomerang         |       |       |     3 ||     3
  Use: Potion            |       |     3 |     1 ||     4
       Scroll            |       |     1 |       ||     1
Armor: Scale mail        |    46 |    58 |    35 ||   139
       Skin              |       |    19 |     4 ||    23
       Plate armour      |       |       |    20 ||    20
Dodge: Dodged            |    48 |    66 |    64 ||   178
Block: Buckler           |    21 |    21 |     4 ||    46

Table legend: (Time is in decaauts)
 A = Elapsed time spent in this place.
 B = Non-inter-level travel time spent in this place.
 C = Inter-level travel time spent in this place.
 D = Time resting spent in this place.
 E = Time spent auto-exploring this place.
 F = Levels seen in this place.
 G = Mean time per level.
                   A        B        C        D        E       F      G
               +--------+--------+--------+--------+--------+-----+--------+
         Total |   6385 |   6385 |      0 |    951 |      0 |   8 |  798.1 |
       Dungeon |   6128 |   6128 |      0 |    907 |      0 |   6 | 1021.3 |
        Temple |     61 |     61 |      0 |      0 |      0 |   1 |   61.0 |
         Sewer |    195 |    195 |      0 |     44 |      0 |   1 |  195.0 |
               +--------+--------+--------+--------+--------+-----+--------+

Top non-repeatable levels by time:
     D:3: 1418 daAuts
     D:2: 1182 daAuts
     D:4: 1156 daAuts
     D:5: 1123 daAuts
     D:1: 689 daAuts
     D:6: 558 daAuts
   Sewer: 195 daAuts
  Temple: 61 daAuts
